 Dungeon Crawl Stone Soup version 0.24.0-41-g2ae2f7f1be (webtiles) character file.

Game seed: 10719123987203982188, levelgen mode: deterministic

19684 FishyPogo the Thaumaturge (level 12, -14/94 HPs)
             Began as a Gnoll Skald on Dec 14, 2019.
             Was the Champion of Okawaru.
             Demolished by a two-headed ogre
             ... wielding a +0 giant club
              (15 damage)
             ... on level 11 of the Dungeon.
             The game lasted 00:55:52 (9401 turns).

FishyPogo the Thaumaturge (Gnoll Skald)             Turns: 9401, Time: 00:55:54

Health: -14/94     AC: 11    Str: 17    XL:     12   Next: 71%
Magic:  6/25       EV: 18    Int: 16    God:    Okawaru [******]
Gold:   539        SH:  0    Dex: 18    Spells: 14/29 levels left

rFire    + . .     SeeInvis .   a - +5 scimitar (flame)
rCold    + . .     Gourm    .   (no shield)
rNeg     . . .     Faith    +   k - +3 troll leather armour {Snorg}
rPois    .         Spirit   .   (no helmet)
rElec    .         Reflect  .   D - scarf {rC+ rF+}
rCorr    .         Harm     .   g - +0 pair of gloves
MR       +....                  A - +0 pair of boots
Stlth    ++++......             F - amulet of faith
HPRegen  1.65/turn              r - +2 ring of dexterity
MPRegen  0.19/turn              N - ring of protection from magic

@: regenerating
A: distributed training, fangs 1, strong nose
a: Heroism, Finesse, Renounce Religion


You were on level 11 of the Dungeon.
You worshipped Okawaru.
Okawaru was exalted by your worship.
You were not hungry.

You visited 2 branches of the dungeon, and saw 14 of its levels.

You collected 539 gold pieces.

Inventory:

Hand Weapons
 a - a +5 scimitar of flaming (weapon)
 b - a +4 spear
Missiles
 f - 416 stones
 w - 5 datura-tipped darts
 x - 3 throwing nets
 C - 61 poisoned darts (quivered)
 E - 11 boomerangs
 P - 4 atropa-tipped darts
 Q - 6 curare-tipped darts
Armour
 g - a +0 pair of gloves (worn)
 k - a +3 troll leather armour (worn) {Snorg}
 A - a +0 pair of boots (worn)
 D - a scarf of resistance (worn)
 H - a +4 scale mail of poison resistance
 O - the +0 scale mail of Bigic {rPois rN+ Dex+4}
   (You found it on level 8 of the Dungeon)

   It affects your dexterity (+4).
   It protects you from poison.
   It protects you from negative energy.
Jewellery
 r - a +2 ring of dexterity (left hand)
 F - an amulet of faith (around neck)
 N - a ring of protection from magic (right hand)
Wands
 t - a wand of iceblast (6)
 y - a wand of random effects (21)
 J - a wand of polymorph (8)
Scrolls
 e - 3 scrolls of noise {unknown}
 h - 7 scrolls of remove curse
 i - 4 scrolls of teleportation {unknown}
 l - 7 scrolls of identify
 n - a scroll of fear
 I - a scroll of blinking
Potions
 c - 2 potions of berserk rage {unknown}
 j - 2 potions of magic
 m - 2 potions of flight
 p - a potion of agility
 q - a potion of resistance {unknown}
 s - 2 potions of lignification
 u - a potion of haste
 v - 2 potions of heal wounds
 z - 4 potions of curing
 B - 2 potions of brilliance
 G - a potion of invisibility
 K - a potion of mutation {unknown}
 M - 3 potions of cancellation {unknown}
Miscellaneous
 o - a lightning rod (4/4)
Comestibles
 d - 35 rations


   Skills:
 + Level 8.8 Fighting
 + Level 8.8 Short Blades
 + Level 7.4 Long Blades
 + Level 7.4 Axes
 + Level 7.4 Maces & Flails
 + Level 7.4 Polearms
 + Level 7.4 Staves
 + Level 7.4 Slings
 + Level 7.4 Bows
 + Level 7.4 Crossbows
 + Level 7.4 Throwing
 + Level 7.9 Armour
 + Level 8.8 Dodging
 + Level 7.4 Stealth
 + Level 7.4 Shields
 + Level 7.4 Unarmed Combat
 + Level 9.0 Spellcasting
 + Level 6.1 Conjurations
 + Level 6.1 Hexes
 + Level 8.3 Charms
 + Level 6.1 Summonings
 + Level 6.1 Necromancy
 + Level 6.1 Translocations
 + Level 6.1 Transmutations
 + Level 6.1 Fire Magic
 + Level 6.1 Ice Magic
 + Level 6.1 Air Magic
 + Level 6.1 Earth Magic
 + Level 6.1 Poison Magic
 + Level 8.1 Invocations
 + Level 7.4 Evocations


You had 14 spell levels left.
You knew the following spells:

 Your Spells              Type           Power        Failure   Level  Hunger
h - Regeneration          Chrm/Necr      ####......   1%          3    #......
l - Summon Lightning Spi  Summ/Air       ####....     9%          4    ###....
n - Spectral Weapon       Hex/Chrm       ####....     1%          3    #......
p - Shroud of Golubria    Chrm/Tloc      ####..       1%          2    None
u - Song of Slaying       Chrm           ####....     1%          2    None
y - Infusion              Chrm           ####         1%          1    None

Your spell library contained the following spells:

 Spells                   Type           Power        Failure   Level  Hunger
 Animate Skeleton         Necr           N/A          1%          1    None
 Apportation              Tloc           ####..       1%          1    None
 Confusing Touch          Hex            ####..       1%          1    None
 Freeze                   Ice            ####         1%          1    None
 Pain                     Necr           ####         1%          1    None
 Summon Small Mammal      Summ           ####         1%          1    None
 Call Imp                 Summ           ####....     1%          2    None
 Throw Frost              Conj/Ice       ####..       1%          2    None
 Ozocubu's Armour         Chrm/Ice       ####....     1%          3    #......
 Call Canine Familiar     Summ           ####....     2%          3    #......
 Summon Guardian Golem    Hex/Summ       ####....     2%          3    #......
 Vampiric Draining        Necr           ####......   2%          3    #......
 Animate Dead             Necr           N/A          9%          4    ###....
 Summon Ice Beast         Ice/Summ       ####....     9%          4    ###....
 Throw Icicle             Conj/Ice       ####....     9%          4    ###....


Dungeon Overview and Level Annotations

Branches:
Dungeon (13/15)            Temple (0/1) D:7            Lair (1/6) D:8
    Orc (0/2) D:9
 Vaults: D:13-14

Altars:
Ashenzari
Cheibriados
Dithmenos
Fedhas
Gozag
Hepliaklqana
Kikubaaqudgha
Okawaru
Sif Muna
Uskayaw
Wu Jian
Xom

Shops:
D:4 }(:%[   D:11 !

Annotations:
D:10 2 runed translucent doors, exclusion: obsidian statue


Innate Abilities, Weirdness & Mutations

Your experience applies equally to all skills.
You have very sharp teeth.
Your uncanny sense of smell can sniff out nearby items.


Message History

Casting: Summon Lightning Spire (safe; 9% risk of failure)
Confirm with . or Enter, or press ? or * to list all spells.
Aiming: Summon Lightning Spire (safe; 9% risk of failure)
Press: ? - help, Dir - move target cursor An electric hum fills the air.
The two-headed ogre closely misses you.
The two-headed ogre hits you with a +0 giant spiked club.
You barely miss the two-headed ogre. You bite the two-headed ogre.
The two-headed ogre is heavily wounded.
The two-headed ogre hits you with a +0 giant club!
* * * LOW HITPOINT WARNING * * *
The two-headed ogre completely misses you.
The two-headed ogre completely misses your lightning spire.
The two-headed ogre hits your lightning spire but does no damage.
Casting: Summon Lightning Spire (safe; 9% risk of failure)
Confirm with . or Enter, or press ? or * to list all spells.
Your skin crawls.
The two-headed ogre hits you with a +0 giant club!!
* * * LOW HITPOINT WARNING * * *
The two-headed ogre hits you with a +0 giant spiked club!
You die...

.########........#####.....######
## #...#....#####.########......
.# #...#....#............#......
.# #...#....#............#......
.# #...'....#....))......#......
.# ##+##....#..##[########......
## #.......##..##O##......######
#.รท.....#....OO.#......#
#.......#...@8..#......#
#.......+.......#......#
#####.......##..##..#......#
.....#########..############
.....#...........#
.....#...........#
.....'...........#
.....############# ######


You could see 3 two-headed ogres and a friendly lightning spire.

Vanquished Creatures
  Snorg (D:10)
  An ogre mage (D:11)
  Erolcha (D:11)
  Harold (D:8)
  Erica (D:8)
  4 two-headed ogres
  Sonja (D:11)
  Nergalle (D:10)
  An unseen horror (D:11)
  Pikel (D:8)
  A cyclops (D:11)
  Joseph (D:8)
  A gargoyle (D:11)
  A komodo dragon (D:8)
  A hornet (D:8)
  2 wyverns (D:11)
  15 yaks
  A hungry ghost (D:12)
  3 steam dragons (D:6)
  3 slaves (D:8)
  8 orc warriors
  4 phantoms
  3 sky beasts
  2 black bears (D:6)
  3 ogres
  2 necrophages
  3 centaurs
  A big kobold (D:12)
  9 bullfrogs
  A gnoll sergeant (D:11)
  A wyvern zombie (D:10)
  4 scorpions
  7 wights
  9 killer bees
  3 howler monkeys (D:9)
  9 crimson imps
  2 bullfrog zombies
  2 centaur zombies
  A quasit (D:11)
  2 centaur skeletons
  2 jellies
  6 hounds
  9 orc priests
  13 orc wizards
  3 bullfrog skeletons
  Ijyb (D:5)
  2 iguanas
  6 worker ants
  A hound zombie (D:9)
  A hound skeleton (D:10)
  A howler monkey zombie (D:5)
  14 adders
  10 gnolls
  A howler monkey skeleton (D:10)
  2 shadow imps
  2 oozes
  An adder zombie (D:6)
  3 worms
  2 dart slugs (D:1)
  5 leopard geckos
  71 orcs
  5 giant cockroaches
  9 goblins
  12 hobgoblins
  4 jackals
  3 quokkas
  6 bats
  7 frilled lizards
  A jackal zombie (D:6)
  23 kobolds
  4 rats
  A plant (D:8)
349 creatures vanquished.

Vanquished Creatures (collateral kills)
  A troll (D:12)
  A wyvern (D:12)
  An acid dragon (D:12)
  A big kobold (D:12)
  A worker ant (D:12)
  2 kobolds (D:12)
7 creatures vanquished.

Vanquished Creatures (others)
  A slave (D:8)
  An orc (D:8)
  A plant (D:8)
  18 spectral weapons
21 creatures vanquished.

Grand Total: 377 creatures vanquished

Notes
Turn   | Place    | Note
-------+----------+-------------------------------------------
     0 | D:1      | FishyPogo the Gnoll Skald began the quest for the Orb.
     0 | D:1      | Reached XP level 1. HP: 20/20 MP: 6/6
   102 | D:1      | Reached XP level 2. HP: 23/26 MP: 3/7
   109 | D:1      | Learned a level 2 spell: Song of Slaying
   112 | D:1      | Learned a level 2 spell: Shroud of Golubria
   576 | D:1      | Reached XP level 3. HP: 31/31 MP: 9/9
   718 | D:2      | Reached skill level 5 in Spellcasting
   765 | D:2      | Learned a level 3 spell: Regeneration
   769 | D:2      | Learned a level 3 spell: Spectral Weapon
   790 | D:2      | Reached skill level 1 in Invocations
   880 | D:2      | Found an opulent altar of Gozag.
   883 | D:2      | Reached skill level 1 in Long Blades
   883 | D:2      | Reached skill level 1 in Axes
   883 | D:2      | Reached skill level 1 in Maces & Flails
   883 | D:2      | Reached skill level 1 in Polearms
   883 | D:2      | Reached skill level 1 in Staves
   883 | D:2      | Reached skill level 1 in Slings
   883 | D:2      | Reached skill level 1 in Bows
   883 | D:2      | Reached skill level 1 in Crossbows
   883 | D:2      | Reached skill level 1 in Throwing
   883 | D:2      | Reached skill level 1 in Stealth
   883 | D:2      | Reached skill level 1 in Shields
   883 | D:2      | Reached skill level 1 in Unarmed Combat
   883 | D:2      | Reached skill level 1 in Evocations
   933 | D:2      | Reached XP level 4. HP: 38/38 MP: 11/11
  1389 | D:3      | Reached skill level 1 in Conjurations
  1389 | D:3      | Reached skill level 1 in Hexes
  1389 | D:3      | Reached skill level 1 in Summonings
  1389 | D:3      | Reached skill level 1 in Necromancy
  1389 | D:3      | Reached skill level 1 in Translocations
  1389 | D:3      | Reached skill level 1 in Transmutations
  1389 | D:3      | Reached skill level 1 in Fire Magic
  1389 | D:3      | Reached skill level 1 in Ice Magic
  1389 | D:3      | Reached skill level 1 in Air Magic
  1389 | D:3      | Reached skill level 1 in Earth Magic
  1389 | D:3      | Reached skill level 1 in Poison Magic
  1408 | D:3      | Reached XP level 5. HP: 43/43 MP: 4/12
  1873 | D:3      | Found an iron altar of Okawaru.
  1880 | D:3      | Became a worshipper of Warmaster Okawaru
  2368 | D:4      | Found Davef's Weapon Shoppe.
  2369 | D:4      | Found Fiuwom's Book Boutique.
  2426 | D:4      | Found Xighaut's Gadget Shoppe.
  2526 | D:4      | Found Haexuon's Armour Shop.
  2643 | D:4      | Found Jaass's Food Shoppe.
  2705 | D:4      | Found a shimmering blue altar of Sif Muna.
  2751 | D:5      | Entered Level 5 of the Dungeon
  2758 | D:5      | Reached XP level 6. HP: 46/50 MP: 7/13
  2808 | D:5      | Reached skill level 5 in Fighting
  2808 | D:5      | Reached skill level 5 in Short Blades
  2808 | D:5      | Reached skill level 5 in Dodging
  2812 | D:5      | Reached * piety under Okawaru
  2854 | D:5      | Noticed Ijyb
  2867 | D:5      | Killed Ijyb
  2869 | D:5      | Noticed a sky beast
  2885 | D:5      | Killed a sky beast
  2885 | D:5      | Reached XP level 7. HP: 47/56 MP: 5/15
  2941 | D:5      | Found a snail-covered altar of Cheibriados.
  3199 | D:5      | Found an opulent altar of Gozag.
  3201 | D:5      | Found a hide-covered altar of Uskayaw.
  3203 | D:5      | Found a shattered altar of Ashenzari.
  3234 | D:5      | Reached ** piety under Okawaru
  3569 | D:6      | Reached XP level 8. HP: 58/63 MP: 12/16
  3657 | D:6      | Reached skill level 6 in Spellcasting
  3689 | D:6      | Reached *** piety under Okawaru
  3831 | D:6      | Reached XP level 9. HP: 69/69 MP: 6/18
  3911 | D:6      | Reached **** piety under Okawaru
  4027 | D:6      | Found a shadowy altar of Dithmenos.
  4042 | D:6      | Noticed a two-headed ogre
  4055 | D:6      | Killed a two-headed ogre
  4055 | D:6      | Reached ***** piety under Okawaru
  4055 | D:6      | Reached skill level 5 in Armour
  4308 | D:7      | Found a staircase to the Ecumenical Temple.
  4397 | D:7      | Found a hazy altar of Hepliaklqana.
  4813 | D:7      | Reached skill level 5 in Invocations
  4848 | D:7      | Found an ornate altar of the Wu Jian Council.
  4969 | D:8      | Noticed Joseph
  5101 | D:8      | Reached XP level 10. HP: 74/77 MP: 15/20
  5130 | D:8      | Reached skill level 7 in Spellcasting
  5200 | D:8      | Noticed Erica
  5212 | D:8      | Noticed Pikel
  5218 | D:8      | Killed Erica
  5218 | D:8      | Reached skill level 5 in Long Blades
  5218 | D:8      | Reached skill level 5 in Axes
  5218 | D:8      | Reached skill level 5 in Maces & Flails
  5218 | D:8      | Reached skill level 5 in Polearms
  5218 | D:8      | Reached skill level 5 in Staves
  5218 | D:8      | Reached skill level 5 in Slings
  5218 | D:8      | Reached skill level 5 in Bows
  5218 | D:8      | Reached skill level 5 in Crossbows
  5218 | D:8      | Reached skill level 5 in Throwing
  5218 | D:8      | Reached skill level 5 in Stealth
  5218 | D:8      | Reached skill level 5 in Shields
  5218 | D:8      | Reached skill level 5 in Unarmed Combat
  5218 | D:8      | Reached skill level 5 in Evocations
  5236 | D:8      | Killed Pikel
  5472 | D:8      | Noticed Harold
  5497 | D:8      | Killed Harold
  5497 | D:8      | Received a gift from Okawaru
  5515 | D:8      | Found a staircase to the Lair.
  5519 | D:8      | Got an aquamarine-encrusted scale mail
  5701 | D:8      | Received a gift from Okawaru
  5845 | D:8      | Killed Joseph
  5845 | D:8      | Reached ****** piety under Okawaru
  5845 | D:8      | Received a gift from Okawaru
  5845 | D:8      | Reached XP level 11. HP: 68/84 MP: 11/22
  5860 | D:8      | Identified the cursed +0 scale mail of Bigic {rPois rN+
                  | Dex+4} (You found it on level 8 of the Dungeon)
  6082 | D:8      | Found an ancient bone altar of Kikubaaqudgha.
  6268 | D:8      | Got a pair of jewelled gloves
  6279 | D:8      | Identified the -5 pair of gloves of the Lair of Beasts
                  | {SInv} (You found it on level 8 of the Dungeon)
  6363 | Lair:1   | Entered Level 1 of the Lair of Beasts
  6447 | D:9      | Found a blossoming altar of Fedhas.
  6759 | D:9      | Reached skill level 5 in Conjurations
  6759 | D:9      | Reached skill level 5 in Hexes
  6759 | D:9      | Reached skill level 5 in Summonings
  6759 | D:9      | Reached skill level 5 in Necromancy
  6759 | D:9      | Reached skill level 5 in Translocations
  6759 | D:9      | Reached skill level 5 in Transmutations
  6759 | D:9      | Reached skill level 5 in Fire Magic
  6759 | D:9      | Reached skill level 5 in Ice Magic
  6759 | D:9      | Reached skill level 5 in Air Magic
  6759 | D:9      | Reached skill level 5 in Earth Magic
  6759 | D:9      | Reached skill level 5 in Poison Magic
  6909 | D:9      | Found a staircase to the Orcish Mines.
  6929 | D:9      | Reached skill level 8 in Spellcasting
  7008 | D:9      | You fall into a shaft and drop 3 floors!
  7012 | D:12     | Noticed a two-headed ogre
  7034 | D:12     | Received a gift from Okawaru
  7078 | D:12     | Killed a two-headed ogre
  7147 | D:12     | Received a gift from Okawaru
  7294 | D:11     | Found Naleomom's Distillery.
  7347 | D:10     | Entered Level 10 of the Dungeon
  7526 | D:10     | Noticed Nergalle
  7538 | D:10     | Killed Nergalle
  7564 | D:10     | Noticed a two-headed ogre
  7950 | D:10     | Found a runed translucent door.
  7959 | D:10     | Noticed Snorg
  7981 | D:10     | Killed Snorg
  7981 | D:10     | Received a gift from Okawaru
  7981 | D:10     | Received a gift from Okawaru
  7981 | D:10     | Reached XP level 12. HP: 24/93 MP: 18/24
  8011 | D:10     | Found a runed translucent door.
  8021 | D:10     | Found a runed translucent door.
  8183 | D:10     | Found a runed translucent door.
  8357 | D:10     | Killed a two-headed ogre
  8357 | D:10     | Received a gift from Okawaru
  8535 | D:10     | Noticed a sun demon
  8746 | D:11     | Found a shimmering altar of Xom.
  8848 | D:11     | Noticed Erolcha
  8860 | D:11     | Killed Erolcha
  9003 | D:11     | Noticed Sonja
  9016 | D:11     | Killed Sonja
  9242 | D:11     | Learned a level 4 spell: Summon Lightning Spire
  9373 | D:11     | Noticed a two-headed ogre
  9374 | D:11     | Noticed an ogre mage
  9374 | D:11     | Noticed a two-headed ogre
  9374 | D:11     | Noticed a two-headed ogre
  9374 | D:11     | Noticed a two-headed ogre
  9381 | D:11     | Killed a two-headed ogre
  9381 | D:11     | Reached skill level 9 in Spellcasting
  9382 | D:11     | Paralysed by an ogre mage for 3 turns
  9394 | D:11     | Killed an ogre mage
  9394 | D:11     | Received a gift from Okawaru
  9401 | D:11     | HP: 1/94 [two-headed ogre/+0 giant club (25)]
  9401 | D:11     | Demolished by a two-headed ogre

Levels and vault maps discovered:
D:1:      dpeg_chamrin_arrival_tetris, layout_basic
D:2:      layout_loops_ring, dk_vineyard_3, nicolae_gozag_seed_capital
D:3:      layout_basic, nicolae_overflow_crystal_walls, first_ration
D:4:      layout_basic, nicolae_overflow_hidden_temple, serial_shops,
          shop_fountains, nicolae_shop_waterfront, shop, shop,
          nicolae_shop_waterfront, minmay_misc_feat_square
D:5:      corexii_shantytown, layout_rooms, lemuel_doored_altar,
          gammafunk_temple_overflow_forgotten, uniq_ijyb
D:6:      cheibrodos_steamvent, layout_cave_pools, old_standard_altar,
          kennysheep_windowed_goal
D:7:      layout_basic, overflow_temple_1_default,
          minmay_temple_entry_stoned_glass, basic_altar
D:8:      layout_basic, kiku_gazebo_garden_becter, david_lair_shrubbed,
          uniq_joseph, uniq_harold, uniq_erica, uniq_pikel
D:9:      layout_irregular_city, fedhas_altar_3, erik_orc_4
D:10:     layout_loops_ring, special_room [special_room_orc],
          minmay_statue_crystal_thing, uniq_snorg, uniq_nergalle
D:11:     layout_gridville, basic_altar, serial_shops, nicolae_shop_statue_plus,
          uniq_sonja, uniq_erolcha
D:12:     layout_rooms, basic_altar
D:13:     layout_irregular_city, basic_altar, blue_anna_alchemist
          [blue_anna_fruit_fields, blue_anna_fruit_fields]
Lair:1:   layout_cave_pods, grunt_megastairs_1

Skill      XL: |  1  2  3  4  5  6  7  8  9 10 11 12 |
---------------+-------------------------------------+-----
Spellcasting   | 5 6 7 8 9 |  9.0
Invocations    | 1 2 3 4 5 6 7 8 |  8.1
Long Blades    | 1 2 3 4 5 6 7 |  7.4
Axes           | 1 2 3 4 5 6 7 |  7.4
Maces & Flails | 1 2 3 4 5 6 7 |  7.4
Polearms       | 1 2 3 4 5 6 7 |  7.4
Staves         | 1 2 3 4 5 6 7 |  7.4
Slings         | 1 2 3 4 5 6 7 |  7.4
Bows           | 1 2 3 4 5 6 7 |  7.4
Crossbows      | 1 2 3 4 5 6 7 |  7.4
Throwing       | 1 2 3 4 5 6 7 |  7.4
Stealth        | 1 2 3 4 5 6 7 |  7.4
Shields        | 1 2 3 4 5 6 7 |  7.4
Unarmed Combat | 1 2 3 4 5 6 7 |  7.4
Evocations     | 1 2 3 4 5 6 7 |  7.4
Conjurations   | 1 2 3 4 5 6 |  6.1
Hexes          | 1 2 3 4 5 6 |  6.1
Summonings     | 1 2 3 4 5 6 |  6.1
Necromancy     | 1 2 3 4 5 6 |  6.1
Translocations | 1 2 3 4 5 6 |  6.1
Transmutations | 1 2 3 4 5 6 |  6.1
Fire Magic     | 1 2 3 4 5 6 |  6.1
Ice Magic      | 1 2 3 4 5 6 |  6.1
Air Magic      | 1 2 3 4 5 6 |  6.1
Earth Magic    | 1 2 3 4 5 6 |  6.1
Poison Magic   | 1 2 3 4 5 6 |  6.1
Armour         | 3 4 5 6 7 |  7.9
Fighting       | 5 6 7 8 |  8.8
Short Blades   | 5 6 7 8 |  8.8
Dodging        | 5 6 7 8 |  8.8
Charms         | 6 7 8 |  8.3

Action                   |  1- 3 |  4- 6 |  7- 9 | 10-12 || total
-------------------------+-------+-------+-------+-------++-------
Melee: Short sword       |    87 |   145 |   256 |       ||   488
       Bite              |     4 |    15 |    37 |    98 ||   154
       Punch             |       |     1 |     9 |    21 ||    31
       Spear             |       |       |    41 |   346 ||   387
       Scimitar          |       |       |       |   262 ||   262
       Unarmed           |       |       |       |     1 ||     1
Throw: Stone             |       |       |     7 |       ||     7
       Dart              |       |       |     4 |    34 ||    38
       Boomerang         |       |       |       |     1 ||     1
 Cast: Infusion          |     3 |     5 |     4 |     3 ||    15
       Shroud of Golubri |     2 |    11 |    11 |    36 ||    60
       Spectral Weapon   |       |     6 |    30 |    67 ||   103
       Song of Slaying   |       |     2 |     6 |    10 ||    18
       Regeneration      |       |     1 |     3 |    25 ||    29
       Summon Lightning  |       |       |       |     5 ||     5
Invok: Heroism           |       |       |       |     3 ||     3
       Finesse           |       |       |       |     1 ||     1
Evoke: Wand              |       |       |       |     4 ||     4
  Use: Scroll            |       |       |     8 |     6 ||    14
       Potion            |       |       |       |     3 ||     3
 Stab: Sleeping          |     4 |     2 |     2 |     4 ||    12
       Distracted        |       |     1 |     3 |    11 ||    15
       Invisible         |       |       |       |     4 ||     4
  Eat: Chunk             |       |     7 |     9 |    19 ||    35
Armor: Leather armour    |    15 |       |       |       ||    15
       Troll leather arm |     9 |    27 |    64 |    45 ||   145
       Scale mail        |       |       |       |   128 ||   128
Dodge: Dodged            |    68 |   103 |   173 |   421 ||   765
       Rpst.: Scimitar   |       |       |       |    61 ||    61
